 Dungeon Crawl Stone Soup version 0.30-a0-964-gd452b5e7fa (webtiles) character file.

Game seed: 7963119531623515912

47 Chaicat the Trooper (level 3, 0/33 HPs)
             Began as a Minotaur Berserker on Mar 29, 2023.
             Was a Believer of Trog.
             Slain by a gnoll
             ... wielding a +3 vampiric spear
              (6 damage)
             ... on level 3 of the Dungeon on Mar 30, 2023.
             The game lasted 00:03:48 (1492 turns).

Chaicat the Trooper (Minotaur Berserker)            Turns: 1492, Time: 00:03:49

Health: 0/33       AC:  3    Str: 23    XL:     3   Next: 48%
Magic:  2/2        EV: 13    Int:  4    God:    Trog [**....]
Gold:   47         SH:  0    Dex: 15    Spells: 2/2 levels left

rFire   . . .      SeeInvis .    a - +0 hand axe
rCold   . . .      Faith    .    (no shield)
rNeg    . . .      Spirit   .    b - +1 animal skin
rPois   .          Reflect  .    (helmet restricted)
rElec   .          Rampage  .    (no cloak)
rCorr   .                        (no gloves)
Will    .....                    (no boots)
Stlth   +                        (no amulet)
HPRegen 0.25/turn                d - +6 ring of dexterity
MPRegen 0.08/turn                (no ring)

@: no status effects
A: horns 2, retaliatory headbutt
a: Renounce Religion, Berserk, Trog's Hand


You were on level 3 of the Dungeon.
You worshipped Trog.
Trog was pleased with you.
You visited 1 branch of the dungeon, and saw 3 of its levels.

You collected 47 gold pieces.

Inventory:

Hand Weapons
 a - a +0 hand axe (weapon)
Armour
 b - a +1 animal skin (worn)
Jewellery
 d - a +6 ring of dexterity (left hand)
 j - a +6 ring of strength
Scrolls
 k - a scroll of enchant weapon {unknown}
Potions
 c - a potion of curing {unknown}
 e - a potion of magic {unknown}
 f - 2 potions of haste {unknown}
 g - 2 potions of mutation {unknown}
 h - 2 potions of degeneration {unknown}
 i - a potion of brilliance {unknown}


   Skills:
 + Level 4.2 Fighting
 + Level 4.1 Axes
 + Level 3.1 Armour
 + Level 2.8 Dodging


You had 2 spell levels left.
You didn't know any spells.
Your spell library was empty.

Dungeon Overview and Level Annotations

Branches:
Dungeon (2/15)

Altars:

Shops:
D:3 :


Innate Abilities, Weirdness & Mutations

You have a pair of horns on your head.
You reflexively headbutt those who attack you in melee.


Message History

You start resting.
HP restored.
You see here a +0 halberd.
The gnoll shouts!
You hear a shout!
A gnoll comes into view. It is wielding a +3 vampiric spear.
The gnoll hits you from afar with a +3 vampiric spear.
The gnoll barely misses you.
You hit the gnoll.
The gnoll is lightly wounded.
A bat comes into view.
The gnoll hits you from afar with a +3 vampiric spear.
You hit the gnoll.
The gnoll is heavily wounded.
The gnoll hits you with a +0 spear.
The gnoll hits you from afar with a +3 vampiric spear.
You closely miss the gnoll.
The gnoll is heavily wounded.
The gnoll hits you from afar with a +3 vampiric spear.
The gnoll hits you with a +0 spear. The bat closely misses you.
You furiously retaliate!
You headbutt the bat!
You kill the bat!
Trog accepts your kill.
You are too injured to fight recklessly!
You are too injured to fight recklessly!
You are too injured to fight recklessly!
You barely miss the gnoll. Your headbutt misses the gnoll.
The gnoll is heavily wounded.
The gnoll misses you. The gnoll hits you with a +0 spear.
You hit the gnoll. You punch the gnoll.
The gnoll is almost dead.
The gnoll hits you with a +0 spear.
The gnoll hits you from afar with a +3 vampiric spear.
* * * LOW HITPOINT WARNING * * *
You barely miss the gnoll. Your headbutt misses the gnoll.
The gnoll is severely wounded.
The gnoll misses you. x2
You hit the gnoll.
The gnoll is almost dead.
The gnoll hits you from afar with a +3 vampiric spear.
You die...

########
####....).######
#.....###......#
#.###.# #......#
.....#.#
#@g....# . #.#.#
#.......# #...#
#g#.[.#.# #..##
...#.#... #....#
... ∩.... #.....
....#.#...
....... ...#.
#..
#...###.......
.. ..... ..


You could see 2 gnolls.

Vanquished Creatures
  A gnoll (D:3)
  A worm (D:2)
  5 bats
  2 endoplasms
  2 giant cockroaches
  A goblin (D:1)
  3 hobgoblins (D:1)
  4 jackals (D:1)
  A quokka (D:1)
  3 ball pythons (D:2)
  4 frilled lizards (D:1)
  2 kobolds
  2 rats
  A bush (D:1)
32 creatures vanquished.

Vanquished Creatures (others)
  5 plants (D:1)
5 creatures vanquished.

Grand Total: 37 creatures vanquished

Notes
Turn   | Place    | Note
-------+----------+-------------------------------------------
     0 | D:1      | Chaicat the Minotaur Berserker began the quest for the Orb.
     0 | D:1      | Reached XP level 1. HP: 19/19 MP: 0/0
   206 | D:1      | Reached XP level 2. HP: 26/27 MP: 1/1
   470 | D:1      | Upgraded the game from 0.30-a0-956-gcec3b41aec to
                  | 0.30-a0-964-gd452b5e7fa
  1132 | D:2      | Reached ** piety under Trog
  1133 | D:2      | Reached XP level 3. HP: 33/33 MP: 2/2
  1348 | D:2      | You fall into a shaft and drop 1 floor!
  1357 | D:3      | Found Viamun's Book Boutique.
  1492 | D:3      | Slain by a gnoll

Illustrated notes

Levels and vault maps discovered:
D:1:      sevenhm_arrival_forest_fort_small_4, layout_loops_ring, serial_forest,
          infiniplex_forest_lined_4_way, infiniplex_forest_join,
          infiniplex_forest_lined_ring, infiniplex_forest_end_2,
          infiniplex_forest_straight_4, infiniplex_forest_lined_ring,
          infiniplex_forest_lined_2, infiniplex_forest_zigzag_1,
          infiniplex_forest_clump_C
D:2:      layout_basic, chequers_arboretum
D:3:      layout_basic, serial_shops,
          nicolae_shop_temple_entry_statues_fountains, nicolae_shop_trees,
          nicolae_shop_window_shopping, nicolae_diamond_shop,
          nicolae_shop_advertising_works [nicolae_subvault_shop_adworks],
          hangedman_abyss_or_decor_stabs, palyth_stone_intersect,
          minmay_misc_feat_room, minmay_misc_feat_plants

Skill      XL: |  1  2 |
---------------+-------+-----
Fighting       | 4 |  4.2
Axes           | 4 |  4.1
Armour         | 3 |  3.1
Dodging        | |  2.8

Action                     || total
---------------------------++-------
  Melee: Hand axe          ||   180
         Headbutt          ||    45
         Punch             ||     3
    Use: Scroll            ||     3
   Stab: Sleeping          ||     2
 Armour: Animal skin       ||    10
  Dodge: Dodged            ||    38

Table legend: (Time is in decaauts)
 A = Elapsed time spent in this place.
 B = Non-inter-level travel time spent in this place.
 C = Inter-level travel time spent in this place.
 D = Time resting spent in this place.
 E = Time spent auto-exploring this place.
 F = Levels seen in this place.
 G = Mean time per level.
                   A        B        C        D        E       F      G
               +--------+--------+--------+--------+--------+-----+--------+
         Total |   1515 |   1480 |     35 |    106 |   1009 |   3 |  505.0 |
       Dungeon |   1515 |   1480 |     35 |    106 |   1009 |   3 |  505.0 |
               +--------+--------+--------+--------+--------+-----+--------+

Top non-repeatable levels by time:
     D:1: 1029 daAuts
     D:2: 342 daAuts
     D:3: 144 daAuts
